 Dungeon Crawl Stone Soup version 0.29-a0-542-g075992c915 (webtiles) character file.

Game seed: 10902252361481841332

2521 happo123 the Sneak (level 9, -1/53 HPs)
             Began as a Kobold Enchanter on June 3, 2022.
             Was a Follower of Wu Jian.
             Slain by a two-headed ogre
             ... wielding a +0 giant club
              (17 damage)
             ... on level 8 of the Dungeon.
             The game lasted 00:22:54 (8713 turns).

happo123 the Sneak (Kobold Enchanter)               Turns: 8713, Time: 00:22:55

Health: -1/53      AC:  6    Str: 11    XL:     9   Next: 84%
Magic:  13/16      EV: 17    Int: 20    God:    Wu Jian [*.....]
Gold:   344        SH:  0    Dex: 16    Spells: 4/18 levels left

rFire   x . .      SeeInvis .   H - +2 short sword (vamp)
rCold   + . .      Faith    .   (no shield)
rNeg    . . .      Spirit   .   b - +0 robe
rPois   .          Reflect  .   h - +0 helmet
rElec   .          Harm     .   x - +0 cloak
rCorr   .          Rampage  .   (no gloves)
Will    .....                   g - +1 pair of boots
Stlth   +++++.....              (no amulet)
HPRegen 0.17/turn               j - ring of ice
MPRegen 0.15/turn               D - +6 ring of strength

@: no status effects
A: small, no large weapons, nightstalker 3
a: Renounce Religion


You were on level 8 of the Dungeon.
You worshipped Wu Jian.
Wu Jian was aware of your devotion.
You visited 2 branches of the dungeon, and saw 9 of its levels.

You collected 344 gold pieces.

Inventory:

Hand Weapons
 a - a +1 dagger
 C - the +3 quarterstaff "Sixteyni" {vorpal, Int+4}
   (You found it on level 6 of the Dungeon)

   It inflicts extra damage upon your enemies.
   Int:       It affects your intelligence (+4).
 H - a +2 vampiric short sword (weapon)
Armour
 b - a +0 robe (worn)
 g - a +1 pair of boots (worn)
 h - a +0 helmet (worn)
 x - a +0 cloak (worn)
Jewellery
 j - a ring of ice (left hand)
 D - a +6 ring of strength (right hand)
Wands
 F - a wand of flame (34)
Scrolls
 d - a scroll of magic mapping {unknown}
 f - 2 scrolls of enchant weapon {unknown}
 l - a scroll of fog {unknown}
 o - 2 scrolls of teleportation {unknown}
 p - 2 scrolls of summoning {unknown}
 t - a scroll of vulnerability {unknown}
 u - a scroll of silence {unknown}
 v - 2 scrolls of poison {unknown}
 w - 5 scrolls of identify {unknown}
 y - a scroll of noise {unknown}
 z - a scroll of fear {unknown}
 A - 2 scrolls of enchant armour {unknown}
 I - a scroll of blinking {unknown}
Potions
 c - 2 potions of invisibility
 e - a potion of mutation {unknown}
 i - a potion of brilliance {unknown}
 k - 2 potions of haste {unknown}
 m - 5 potions of heal wounds {unknown}
 n - 2 potions of might {unknown}
 q - a potion of magic {unknown}
 r - a potion of curing {unknown}
 s - a potion of ambrosia {unknown}
 B - a potion of resistance {unknown}
 E - a potion of attraction {unknown}
 G - 2 potions of degeneration {unknown}


   Skills:
 + Level 4.9 Fighting
 + Level 6.1 Short Blades
 + Level 6.2 Dodging
 + Level 7.8 Stealth
 + Level 5.1 Spellcasting
 * Level 7.4 Hexes
 + Level 0.6 Summonings


You had 4 spell levels left.
You knew the following spells:

 Your Spells              Type           Power      Damage    Failure   Level
a - Ensorcelled Hibernat  Hex/Ice        60%        N/A       3%          2
b - Confusing Touch       Hex            34%        N/A       1%          3
c - Tukima's Dance        Hex            34%        N/A       1%          3
d - Dazzling Flash        Conj/Hex       40%        N/A       8%          3
e - Summon Guardian Gole  Hex/Summ       21%        N/A       6%          3

Your spell library contained the following spells:

 Spells                   Type           Power      Damage    Failure   Level
 Slow                     Hex            100%       N/A       1%          1
 Summon Small Mammal      Summ           28%        N/A       9%          1
 Apportation              Tloc           10%        N/A       12%         1
 Necrotize                Necr           20%        1d5       12%         1
 Sublimation of Blood     Necr           5%         N/A       17%         2
 Wereblood                Tmut           5%         N/A       17%         2
 Leda's Liquefaction      Hex/Erth       10%        N/A       24%         4
 Call Canine Familiar     Summ           7%         N/A       26%         3
 Vampiric Draining        Necr           5%         2d6       34%         3
 Lee's Rapid Deconstruct  Erth           2%         3d6*      97%         5
 Statue Form              Tmut/Erth      3%         N/A       100%        6
 Summon Hydra             Summ           3%         N/A       100%        7


Dungeon Overview and Level Annotations

Branches:
Dungeon (8/15)             Temple (1/1) D:4
   Lair: D:8-11

Altars:
Ashenzari
Cheibriados
Dithmenos
Elyvilon
Gozag
Nemelex Xobeh
Okawaru
Sif Muna
Trog
Uskayaw
Vehumet
Wu Jian
Xom
Yredelemnul
Zin
The Shining One

Shops:
D:1 *   D:5 *


Innate Abilities, Weirdness & Mutations

You are small and have problems with some larger weapons.
You are completely attuned to the shadows.


Message History

Found a robe.
Done exploring.
There is a stone staircase leading down here.
You can't go up here!
You climb downwards.
There is a stone staircase leading up here.
A two-headed ogre comes into view. It is wielding two +0 giant clubs.
Found a stone staircase leading up.
The helpless two-headed ogre fails to defend itself.
You stick the two-headed ogre like a pincushion!!!
The two-headed ogre is severely wounded.
Casting: Confusing Touch (safe; 1% risk of failure)
Confirm with . or Enter, or press ? or * to list all spells.
You don't know that spell.
Casting: Confusing Touch (safe; 1% risk of failure)
Confirm with . or Enter, or press ? or * to list all spells.
Your hands begin to glow red.
The two-headed ogre hits you but does no damage.
The two-headed ogre hits you with a +0 giant club!!
Ouch! That really hurt!
You hit the two-headed ogre but do no damage.
The two-headed ogre appears confused.
The two-headed ogre is severely wounded.
An orc comes into view. It is wielding a +0 war axe.
You spin and attack the two-headed ogre.
You hit the two-headed ogre but do no damage.
The two-headed ogre is severely wounded.
You lunge at the two-headed ogre.
You hit the two-headed ogre but do no damage.
The two-headed ogre is severely wounded.
The two-headed ogre misses you.
The two-headed ogre hits you with a +0 giant club!
* * * LOW HITPOINT WARNING * * *
You hit the two-headed ogre.
You feel better.
The two-headed ogre is severely wounded.
You hit the two-headed ogre.
You feel better.
The two-headed ogre is almost dead.
The two-headed ogre barely misses you.
The two-headed ogre hits you with a +0 giant club!
You die...

... ... #.#
##.###### ##
#.<.....# #..
#....##.#
##.#
#.##.##.###O#
#.##.......@#
#.#####.###.#
#.# #.# ##o#
#.. ..# ...
#### .### .#


You could see a two-headed ogre (confused) and an orc.

Vanquished Creatures
  Pikel (D:5)
  A black bear (D:5)
  2 ice beasts
  3 ogres (D:3)
  The ghost of elagabalus the Changer, an amateur DrTm (D:3)
  A phantom (D:5)
  A kobold brigand (D:7)
  A bullfrog (D:7)
  A scorpion (D:5)
  7 wights (D:6)
  3 hounds
  A jelly (D:6)
  A gnoll shaman (D:7)
  3 orc priests (D:7)
  3 iguanas
  3 orc wizards
  8 gnolls
  9 adders
  A white imp (D:7)
  3 ufetubi (D:5)
  A worm (D:2)
  5 dart slugs
  9 orcs
  10 ball pythons
  8 endoplasms
  4 giant cockroaches
  5 goblins
  9 hobgoblins
  14 kobolds
  4 quokkas
  3 bats
  5 frilled lizards
  6 rats
137 creatures vanquished.

Vanquished Creatures (collateral kills)
  2 wights (D:6)
2 creatures vanquished.

Vanquished Creatures (others)
  A dancing weapon (D:7)
  A plant (D:1)
2 creatures vanquished.

Grand Total: 141 creatures vanquished

Notes
Turn   | Place    | Note
-------+----------+-------------------------------------------
     0 | D:1      | happo123 the Kobold Enchanter began the quest for the Orb.
     0 | D:1      | Reached XP level 1. HP: 10/10 MP: 3/3
   261 | D:1      | Reached XP level 2. HP: 16/16 MP: 5/5
   627 | D:1      | Reached XP level 3. HP: 20/20 MP: 6/6
   630 | D:1      | Learned a level 2 spell: Ensorcelled Hibernation
   634 | D:1      | Learned a level 3 spell: Confusing Touch
   719 | D:1      | Found Efapahie's Assorted Antiques.
  1298 | D:2      | Reached skill level 1 in Fighting
  1375 | D:2      | Reached XP level 4. HP: 25/25 MP: 2/7
  1694 | D:2      | Found a faded altar of an unknown god.
  2189 | D:3      | Found a bloodstained altar of Trog.
  2206 | D:3      | Noticed an ice beast
  2225 | D:3      | Killed an ice beast
  2226 | D:3      | Reached XP level 5. HP: 13/30 MP: 5/9
  2704 | D:3      | Found a transporter.
  2706 | D:3      | Noticed elagabalus's ghost (amateur DrTm)
  2706 | D:3      | Noticed an ogre
  2708 | D:3      | Noticed an ogre
  3104 | D:3      | Reached XP level 6. HP: 35/35 MP: 10/10
  3694 | D:3      | Noticed an ogre
  3696 | D:3      | Found a transporter.
  3699 | D:3      | Killed an ogre
  3700 | D:3      | Reached skill level 5 in Stealth
  3720 | D:3      | Killed elagabalus's ghost
  3723 | D:3      | Killed an ogre
  3724 | D:3      | Reached XP level 7. HP: 24/40 MP: 6/12
  3734 | D:3      | Reached skill level 5 in Hexes
  4128 | D:4      | Found an opulent altar of Gozag.
  4531 | D:4      | Found a shimmering altar of Xom.
  4617 | D:4      | Learned a level 3 spell: Tukima's Dance
  4618 | D:5      | Entered Level 5 of the Dungeon
  4903 | D:5      | Reached XP level 8. HP: 46/46 MP: 13/13
  5153 | D:5      | Found Livvukh's Assorted Antiques.
  5454 | D:5      | Noticed Pikel
  5565 | D:5      | Killed Pikel
  5566 | D:5      | Reached skill level 5 in Short Blades
  5566 | D:5      | Reached skill level 5 in Dodging
  5566 | D:5      | Reached XP level 9. HP: 32/52 MP: 10/15
  5832 | D:4      | Found a staircase to the Ecumenical Temple.
  5838 | Temple   | Entered the Ecumenical Temple
  5984 | Temple   | Became a worshipper of the Wu Jian Council
  6454 | D:6      | Found a broken altar of Ashenzari.
  6487 | D:6      | Identified the +3 quarterstaff "Sixteyni" {vorpal, Int+4}
  7528 | D:7      | Reached skill level 5 in Spellcasting
  7631 | D:7      | Learned a level 3 spell: Dazzling Flash
  7635 | D:7      | Learned a level 3 spell: Summon Guardian Golem
  7752 | D:7      | Found a radiant altar of Vehumet.
  7763 | D:7      | Reached * piety under Wu Jian
  8383 | D:7      | Found a hide-covered altar of Uskayaw.
  8703 | D:8      | Noticed a two-headed ogre
  8713 | D:8      | Slain by a two-headed ogre

Illustrated notes

Levels and vault maps discovered:
D:1:      lemuel_arrival_behind_the_door_large, layout_loops_cross,
          serial_shops, nicolae_shop_overgrown_old_shop, corner_web_ring
D:2:      layout_rooms, shapermc_ecumenical_altar_totnotflames, serial_rivers,
          chequers_serial_rivers_micro_c, chequers_serial_rivers_micro_b,
          chequers_serial_rivers_large_b, chequers_serial_rivers_room_b,
          chequers_serial_rivers_small_3, chequers_serial_rivers_room_b
D:3:      layout_basic, trog_three_pillars_becter, gammafunk_ghost_smash,
          supply_closet_lemuel, chequers_arboretum
D:4:      layout_cave_pools, mainiacjoe_overflow_surrounded_room,
          grunt_gozag_breadcrumbs, minmay_temple_entry_from_below_b
D:5:      layout_loops_ring, serial_shops, kennysheep_little_box, uniq_pikel
D:6:      layout_layer_cave, kennysheep_mini
D:7:      layout_basic, eat_drink_and_be_merry_uskayaw, vehumet_altar_wand_db,
          minmay_tree_intersection
D:8:      layout_loops_cross, lemuel_tele_altar,
          mainiacjoe_overflow_catwalk_spiral, kennysheep_doodads,
          abandoned_shop, minmay_manual_mess
Temple:   jpeg_temple_alley_garden

Skill      XL: |  1  2  3  4  5  6  7  8  9 |
---------------+----------------------------+-----
Fighting       | 1 2 3 4 |  4.9
Short Blades   | 2 3 4 5 6 |  6.1
Dodging        | 3 4 5 6 |  6.2
Hexes          | 4 5 6 7 |  7.4
Stealth        | 5 6 7 |  7.8
Spellcasting   | 3 4 5 |  5.1
Summonings     | |  0.6

Action                   |  1- 3 |  4- 6 |  7- 9 || total
-------------------------+-------+-------+-------++-------
Melee: Dagger            |    47 |    67 |   236 ||   350
       Punch             |     1 |     1 |     2 ||     4
       Short sword       |       |       |     7 ||     7
 Cast: Ensorcelled Hiber |     6 |    15 |    36 ||    57
       Confusing Touch   |       |     2 |    19 ||    21
       Tukima's Dance    |       |       |     4 ||     4
Invok: Lunge             |       |       |    23 ||    23
       Whirlwind         |       |       |     1 ||     1
  Use: Potion            |       |     1 |       ||     1
 Stab: Sleeping          |    28 |    16 |    57 ||   101
       Confused          |       |     3 |    12 ||    15
       Invisible         |       |     3 |       ||     3
Armor: Robe              |     2 |    10 |    34 ||    46
Dodge: Dodged            |     8 |    43 |   121 ||   172

Table legend: (Time is in decaauts)
 A = Elapsed time spent in this place.
 B = Non-inter-level travel time spent in this place.
 C = Inter-level travel time spent in this place.
 D = Time resting spent in this place.
 E = Time spent auto-exploring this place.
 F = Levels seen in this place.
 G = Mean time per level.
                   A        B        C        D        E       F      G
               +--------+--------+--------+--------+--------+-----+--------+
         Total |   8705 |   7953 |    752 |    173 |   6591 |   9 |  967.2 |
       Dungeon |   8393 |   7702 |    691 |    173 |   6349 |   8 | 1049.1 |
        Temple |    311 |    250 |     61 |      0 |    242 |   1 |  311.0 |
               +--------+--------+--------+--------+--------+-----+--------+

Top non-repeatable levels by time:
     D:3: 1660 daAuts
     D:6: 1522 daAuts
     D:5: 1204 daAuts
     D:2: 1151 daAuts
     D:1: 1109 daAuts
     D:7: 963 daAuts
     D:4: 762 daAuts
  Temple: 311 daAuts
     D:8: 19 daAuts
